[Event "Titled Tuesday Blitz February 14 Early 2023"]
[White "Makhnev, Denis"]
[Black "Bashirli, Nail"]
[WhiteFideId "13707647"]
[BlackFideId "13406809"]
[WhiteElo "2483"]
[BlackElo "2326"]
[Result "1-0"]
[Round "06"]
[TimeControl "180+2"]
[Date "2023.02.15"]
[WhiteClock "0:00:12"]
[BlackClock "0:00:06"]

1. d4 Nf6 2. c4 e6 3. Nf3 Bb4+ 4. Bd2 Qe7 5. e3 O-O 6. Bd3 Bxd2+ 7. Qxd2 d6 8. Nc3 e5 9. Bc2 c6 10. h3 e4 11. Nh2 d5 12. g4 dxc4 13. Nf1 Na6 14. a3 c5 15. d5 Rd8 16. g5 Nh5 17. Rg1 Bf5 18. Rd1 Nc7 19. d6 Qe5 20. Qe2 Rxd6 21. Rxd6 Qxd6 22. Qxh5 Rd8 23. Qe2 b5 24. Ng3 Bg6 25. h4 b4 26. Ncxe4 Qe5 27. h5 Bxe4 28. Bxe4 bxa3 29. f4 Qxb2 30. g6 c3 31. gxf7+ Kf8 32. h6 g6 33. Qxb2 cxb2 34. Bb1 Nb5 35. Ne4 c4 36. Rg2 c3 37. Rc2 Rc8 38. Ba2 a5 39. Ng5 Ke7 40. Nxh7 Nd6 41. f8=Q+ Rxf8 42. Nxf8 Kxf8 43. Rxc3 1-0


[Site "https://www.chess.com"]

[Event "Titled Tuesday Blitz February 14 Early 2023"]
[White "Lortkipanidze, Nodar"]
[Black "Timofeev, Artyom"]
[WhiteFideId "13604058"]
[BlackFideId "4140419"]
[WhiteElo "2406"]
[BlackElo "2567"]
[Result "0-1"]
[Round "06"]
[TimeControl "180+2"]
[Date "2023.02.15"]
[WhiteClock "0:00:58"]
[BlackClock "0:01:34"]

1. e4 d6 2. d4 Nf6 3. Nc3 g6 4. f3 Nbd7 5. Be3 c6 6. Qd2 b5 7. O-O-O Bb7 8. Kb1 a5 9. h4 Nb6 10. d5 b4 11. dxc6 Bxc6 12. Nb5 Bg7 13. e5 Nfd5 14. exd6 O-O 15. Bd4 e5 16. Bc5 Na4 17. Bf2 e4 18. Bd4 e3 19. Qe1 Bxd4 20. Rxd4 Qf6 21. Ne2 Bxb5 22. Rxd5 Qxb2# 0-1


[Site "https://www.chess.com"]

[Event "Titled Tuesday Blitz February 14 Early 2023"]
[White "Tanenbaum, Zachary"]
[Black "Demchenko, Anton"]
[WhiteFideId "2060850"]
[BlackFideId "4160258"]
[WhiteElo "2261"]
[BlackElo "2623"]
[Result "1-0"]
[Round "06"]
[TimeControl "180+2"]
[Date "2023.02.15"]
[WhiteClock "0:00:03"]
[BlackClock "0:00:05"]

1. e4 e5 2. Nf3 Nc6 3. Bc4 Nf6 4. d3 h6 5. Nbd2 d6 6. a4 g6 7. c3 Bg7 8. d4 exd4 9. cxd4 d5 10. exd5 Nxd5 11. O-O O-O 12. Ne4 Nb6 13. Bb3 Bg4 14. a5 Bxf3 15. Qxf3 Nxd4 16. Qd3 Nd7 17. Bf4 Ne5 18. Bxe5 Bxe5 19. Ng3 Nxb3 20. Qxb3 b6 21. Rfd1 Qe7 22. Re1 Rae8 23. a6 Qf6 24. Rab1 Bd4 25. Ne4 Qf5 26. Qd3 c5 27. b4 Rd8 28. Qc4 Rfe8 29. Qe2 Rxe4 30. Qxe4 Bxf2+ 31. Kh1 Bxe1 32. Qxe1 cxb4 33. Rxb4 Qa5 34. h3 Qxa6 35. Qh4 Qf1+ 36. Kh2 Rd6 37. Qxh6 Qf6 38. Rh4 Qe5+ 39. Kg1 1-0


[Site "https://www.chess.com"]

[Event "Titled Tuesday Blitz February 14 Early 2023"]
[White "Chigaev, Maksim"]
[Black "Ajay, Karthikeyan"]
[WhiteFideId "4108116"]
[BlackFideId "35011685"]
[WhiteElo "2628"]
[BlackElo "2454"]
[Result "1-0"]
[Round "06"]
[TimeControl "180+2"]
[Date "2023.02.15"]
[WhiteClock "0:00:10"]
[BlackClock "0:00:02"]

1. e4 e5 2. Bc4 Nf6 3. d3 c6 4. Nf3 d5 5. Bb3 Bd6 6. Nc3 d4 7. Ne2 a5 8. a4 Na6 9. O-O Nc5 10. Bc4 O-O 11. h3 Be6 12. Bxe6 Nxe6 13. Nd2 b5 14. Nf3 h6 15. Ng3 Kh7 16. Nf5 Ng8 17. c3 g6 18. Nxd6 Qxd6 19. cxd4 Nxd4 20. Nxd4 Qxd4 21. Qc2 Rfc8 22. Be3 Qd7 23. f4 exf4 24. Rxf4 Qe6 25. Raf1 f6 26. Bd4 Rf8 27. Bc5 Rf7 28. d4 bxa4 29. Qxa4 g5 30. R4f3 Qxe4 31. b4 Rg7 32. bxa5 g4 33. hxg4 Rxg4 34. a6 Qe2 35. R3f2 Rxa6 36. Qb3 Qb5 37. Qc2+ Rg6 38. Rb1 Qa4 39. Rb7+ Kh8 40. Qxg6 Qd1+ 41. Rf1 1-0


[Site "https://www.chess.com"]

[Event "Titled Tuesday Blitz February 14 Early 2023"]
[White "Dragnev, Valentin"]
[Black "Dardha, Daniel"]
[WhiteFideId "1634852"]
[BlackFideId "240990"]
[WhiteElo "2593"]
[BlackElo "2631"]
[Result "0-1"]
[Round "06"]
[TimeControl "180+2"]
[Date "2023.02.15"]
[WhiteClock "0:00:02"]
[BlackClock "0:00:04"]

1. d4 e6 2. Nf3 d5 3. Bf4 c5 4. e3 Nf6 5. Nbd2 Nc6 6. c3 cxd4 7. exd4 Nh5 8. Be3 Bd6 9. Bd3 Nf4 10. Bxf4 Bxf4 11. O-O O-O 12. Re1 Bd7 13. Nb3 Bd6 14. Ne5 Bxe5 15. dxe5 f5 16. Bb5 Ne7 17. Qd3 f4 18. Nc5 Bxb5 19. Qxb5 Qc8 20. Nb3 f3 21. g3 Nc6 22. Rad1 Rf5 23. Nd4 Nxd4 24. cxd4 a6 25. Qd3 Qd7 26. Rc1 Rc8 27. h4 h6 28. Qd2 Rff8 29. a3 Qf7 30. Qd3 Qh5 31. Kh2 Rce8 32. Qf1 Qg4 33. Red1 Rc8 34. Qh3 h5 35. Qxg4 hxg4 36. Kg1 Kf7 37. Kf1 Rc4 38. b3 Rc6 39. Ke1 Rfc8 40. Kd2 Kg6 41. Rxc6 Rxc6 42. Rh1 Kf5 43. Kd3 Rb6 44. b4 a5 45. Kc3 axb4+ 46. axb4 Ra6 47. Kb3 Ke4 48. Rd1 Rc6 0-1


[Site "https://www.chess.com"]

[Event "Titled Tuesday Blitz February 14 Early 2023"]
[White "Yeletsky, Ivan"]
[Black "Tan, Zhongyi"]
[WhiteFideId "24180327"]
[BlackFideId "8603642"]
[WhiteElo "2494"]
[BlackElo "2517"]
[Result "1-0"]
[Round "06"]
[TimeControl "180+2"]
[Date "2023.02.15"]
[WhiteClock "0:01:38"]
[BlackClock "0:01:08"]

1. e4 c6 2. d4 d5 3. e5 c5 4. dxc5 e6 5. a3 Bxc5 6. Nf3 Ne7 7. Bd3 Nbc6 8. b4 Bb6 9. Bb2 Qc7 10. b5 Na5 11. Nbd2 Ng6 12. h4 Bd7 13. g3 Nc4 14. Bxc4 dxc4 15. Ne4 O-O 16. h5 Ne7 17. h6 c3 18. hxg7 Kxg7 19. Bxc3 Bxb5 20. Qd2 Nf5 21. Qg5+ Kh8 22. Rxh7+ Kxh7 23. Nf6+ Kh8 24. Qh5+ Kg7 25. Qh7# 1-0


[Site "https://www.chess.com"]

[Event "Titled Tuesday Blitz February 14 Early 2023"]
[White "Predke, Alexandr"]
[Black "Iskusnyh, Sergei"]
[WhiteFideId "24107581"]
[BlackFideId "4120027"]
[WhiteElo "2685"]
[BlackElo "2440"]
[Result "1-0"]
[Round "06"]
[TimeControl "180+2"]
[Date "2023.02.15"]
[WhiteClock "0:00:31"]
[BlackClock "0:00:01"]

1. d4 d5 2. c4 c6 3. Nf3 Nf6 4. Qc2 dxc4 5. e4 b5 6. Nc3 e6 7. Be2 Bb7 8. O-O Be7 9. b3 cxb3 10. axb3 Nbd7 11. e5 Nd5 12. Nxd5 exd5 13. e6 fxe6 14. Bd3 Nf6 15. Ng5 Qd6 16. Qe2 Bc8 17. Re1 O-O 18. Nxe6 Bxe6 19. Qxe6+ Qxe6 20. Rxe6 Rfe8 21. Rxc6 Bb4 22. Bf4 a5 23. Bxb5 Re4 24. Be3 Ng4 25. Bd3 Re7 26. Bg5 Rf7 27. f3 Nf6 28. Rac1 h6 29. Bh4 1-0


[Site "https://www.chess.com"]

[Event "Titled Tuesday Blitz February 14 Early 2023"]
[White "Livaic, Leon"]
[Black "Carnicelli, Valerio"]
[WhiteFideId "14531534"]
[BlackFideId "856185"]
[WhiteElo "2579"]
[BlackElo "2370"]
[Result "1-0"]
[Round "06"]
[TimeControl "180+2"]
[Date "2023.02.15"]
[WhiteClock "0:00:05"]
[BlackClock "0:00:45"]

1. e4 e6 2. d3 d5 3. Nd2 Nf6 4. Ngf3 dxe4 5. dxe4 Bc5 6. Bd3 O-O 7. O-O c6 8. e5 Nd5 9. Bxh7+ Kxh7 10. Ne4 Be7 11. Nfg5+ Bxg5 12. Nxg5+ Kg6 13. Qd3+ f5 14. Qg3 f4 15. Bxf4 Nxf4 16. Nxe6+ Kf5 17. Nxf4 Qg5 18. Qd3+ Kxf4 19. Qf3+ Kxe5 20. Rfe1+ Kd6 21. Qxf8+ Kc7 22. Rad1 Qf6 23. Re7+ Kb6 24. Qxf6 gxf6 25. Rd8 Bf5 26. Ree8 Kc7 27. c3 b5 28. h4 a5 29. h5 b4 30. h6 bxc3 31. bxc3 a4 32. g4 Bg6 33. Rg8 Bc2 34. f4 a3 35. f5 Bb3 36. h7 Bxa2 37. Rc8+ Kb7 38. Rxb8+ Rxb8 39. Rxb8+ 1-0


[Site "https://www.chess.com"]

[Event "Titled Tuesday Blitz February 14 Early 2023"]
[White "Manukyan, Sargis A."]
[Black "Kovalenko, Igor"]
[WhiteFideId "13303970"]
[BlackFideId "14117908"]
[WhiteElo "2158"]
[BlackElo "2674"]
[Result "0-1"]
[Round "06"]
[TimeControl "180+2"]
[Date "2023.02.15"]
[WhiteClock "0:00:40"]
[BlackClock "0:02:14"]

1. d4 Nf6 2. c4 e6 3. Nc3 Bb4 4. a3 Bxc3+ 5. bxc3 d6 6. e3 c5 7. Bd3 Nc6 8. Ne2 b6 9. e4 Bb7 10. O-O Qc7 11. f4 O-O-O 12. a4 Na5 13. Ng3 h5 14. Qe2 h4 15. Nh1 h3 16. g3 Nd7 17. Nf2 g6 18. Be3 f5 19. d5 Rde8 20. dxe6 Rxe6 21. Qc2 Qc6 22. Rfd1 Nf6 23. Re1 Kc7 24. Rad1 Rhe8 25. Bf1 Nxe4 26. Bxh3 Nxf2 27. Kxf2 Qf3+ 28. Kg1 Qh1+ 0-1


[Site "https://www.chess.com"]

[Event "Titled Tuesday Blitz February 14 Early 2023"]
[White "Sharapov, Evgeny"]
[Black "Gharibyan, Mamikon"]
[WhiteFideId "14103133"]
[BlackFideId "13308300"]
[WhiteElo "2375"]
[BlackElo "2500"]
[Result "0-1"]
[Round "06"]
[TimeControl "180+2"]
[Date "2023.02.15"]
[WhiteClock "0:00:03"]
[BlackClock "0:00:03"]

1. e4 g6 2. d4 d6 3. Nc3 a6 4. f4 b5 5. Nf3 Bb7 6. Bd3 b4 7. Ne2 Nd7 8. O-O c5 9. a3 bxa3 10. Rxa3 cxd4 11. Nexd4 Bg7 12. Qe2 Nc5 13. e5 Nh6 14. f5 Nxd3 15. Rxd3 Nxf5 16. Nxf5 gxf5 17. exd6 Be4 18. d7+ Kf8 19. Rdd1 Ra7 20. Ng5 Rxd7 21. Rxd7 Qxd7 22. Nxe4 fxe4 23. Qxe4 Qd4+ 24. Qxd4 Bxd4+ 25. Kh1 Kg7 26. c3 Bf6 27. Rd1 Rb8 28. Kg1 a5 29. Kf2 a4 30. Ke2 Be5 31. h3 Kf6 32. Rd5 a3 33. bxa3 Bxc3 34. Rd3 Be5 35. a4 Rb1 36. Bd2 Ra1 37. a5 Ke6 38. Re3 Ra2 39. Kd1 Kd5 40. Rd3+ Kc4 41. Rd7 Bd6 42. Rb7 f5 43. Kc1 f4 44. Rb6 Bc5 45. Rc6 e5 46. a6 Kb5 47. Re6 Bd4 48. Rd6 Kc4 0-1


[Site "https://www.chess.com"]

[Event "Titled Tuesday Blitz February 14 Early 2023"]
[White "Bacrot, Etienne"]
[Black "Domingo Nunez, Ruben"]
[WhiteFideId "605506"]
[BlackFideId "22245570"]
[WhiteElo "2667"]
[BlackElo "2416"]
[Result "1-0"]
[Round "06"]
[TimeControl "180+2"]
[Date "2023.02.15"]
[WhiteClock "0:00:15"]
[BlackClock "0:00:02"]

1. e4 Nf6 2. Nc3 d6 3. d4 e5 4. Nf3 Nbd7 5. Bc4 Be7 6. a4 O-O 7. O-O c6 8. h3 h6 9. a5 Re8 10. Re1 exd4 11. Qxd4 Bf8 12. Bf4 Nc5 13. e5 dxe5 14. Qxd8 Rxd8 15. Bxe5 Bf5 16. Nd4 Bg6 17. Nce2 Ncd7 18. Bh2 c5 19. a6 cxd4 20. axb7 Rab8 21. Rxa7 Nc5 22. Bxb8 Rxb8 23. Nxd4 Nxb7 24. Nc6 Rc8 25. Ne5 Nd6 26. Nxg6 Nxc4 27. Nxf8 Kxf8 28. b3 Nd6 29. c4 Nde4 30. Rea1 Nc5 31. Ra8 Rxa8 32. Rxa8+ Ke7 33. b4 Nd3 34. b5 Nd7 35. Ra7 Kd6 36. b6 Nxb6 37. Rxf7 Nxc4 38. Rxg7 h5 39. Rh7 Nf4 40. h4 Nd2 41. g3 Nf3+ 42. Kf1 Nh3 43. Rxh5 Ke6 44. Kg2 Nhg1 45. Ra5 Kf6 46. Ra3 1-0


[Site "https://www.chess.com"]

[Event "Titled Tuesday Blitz February 14 Early 2023"]
[White "Bodnaruk, Anastasia"]
[Black "Ter-Sahakyan, Samvel"]
[WhiteFideId "4181751"]
[BlackFideId "13302531"]
[WhiteElo "2350"]
[BlackElo "2617"]
[Result "0-1"]
[Round "06"]
[TimeControl "180+2"]
[Date "2023.02.15"]
[WhiteClock "0:00:03"]
[BlackClock "0:00:10"]

1. e4 c5 2. Nc3 d6 3. Nge2 Nf6 4. d4 cxd4 5. Nxd4 a6 6. Nb3 e6 7. Be3 b5 8. f3 Bb7 9. g4 h6 10. a3 Nbd7 11. Qd2 d5 12. exd5 Nxd5 13. Nxd5 Bxd5 14. Be2 Rc8 15. Nd4 Ne5 16. O-O-O Be7 17. Rhg1 Nc4 18. Bxc4 Rxc4 19. Kb1 O-O 20. b3 Rc8 21. g5 h5 22. g6 Bf6 23. Bg5 fxg6 24. Qe3 Qe7 25. Kb2 a5 26. Rd2 b4 27. axb4 axb4 28. Bxf6 Rxf6 29. Nb5 Rxf3 30. Qd4 Qf6 31. Nd6 Qxd4+ 32. Rxd4 Rc6 33. Nb5 Rf2 34. Rc1 Rb6 35. Rxb4 Bc6 36. Rc4 Bxb5 37. Rb4 Rb7 38. Rd1 Bc6 39. Rc4 Bd5 40. Rc8+ Kh7 0-1


[Site "https://www.chess.com"]

[Event "Titled Tuesday Blitz February 14 Early 2023"]
[White "Shapiro, Viktor"]
[Black "Makarian, Rudik"]
[WhiteFideId "4175700"]
[BlackFideId "44105681"]
[WhiteElo "2192"]
[BlackElo "2545"]
[Result "0-1"]
[Round "06"]
[TimeControl "180+2"]
[Date "2023.02.15"]
[WhiteClock "0:00:03"]
[BlackClock "0:00:12"]

1. c4 Nf6 2. Nc3 g6 3. g3 Bg7 4. Bg2 c5 5. Nf3 Nc6 6. d3 d6 7. a3 Qd7 8. Rb1 b6 9. b4 Bb7 10. O-O O-O 11. h3 Rfe8 12. e4 h6 13. Be3 Nh7 14. Qc1 h5 15. Ne2 Nf8 16. Rd1 Ne6 17. b5 Ncd4 18. Nexd4 cxd4 19. Bd2 Nc5 20. Bb4 Qc7 21. Qc2 a5 22. bxa6 Rxa6 23. Re1 Rea8 24. Nd2 Bc6 25. Bf1 h4 26. Nf3 hxg3 27. fxg3 Rxa3 28. Bxa3 Rxa3 29. Qb2 Rb3 30. Qc2 Rc3 31. Qd1 Ba4 32. Qd2 Rc2 33. Qf4 Rc3 34. e5 Nxd3 35. Bxd3 Rxd3 36. e6 f5 37. Nh4 Be8 38. Nxf5 gxf5 39. Qxf5 Rxg3+ 40. Kh2 d5 41. Kh1 dxc4 42. Re4 Bg6 0-1


[Site "https://www.chess.com"]

[Event "Titled Tuesday Blitz February 14 Early 2023"]
[White "Boros, Denes"]
[Black "Petukhov, Dmitry"]
[WhiteFideId "722340"]
[BlackFideId "4142748"]
[WhiteElo "2406"]
[BlackElo "2350"]
[Result "1/2-1/2"]
[Round "06"]
[TimeControl "180+2"]
[Date "2023.02.15"]
[WhiteClock "0:00:35"]
[BlackClock "0:00:25"]

1. d4 Nf6 2. Nc3 d5 3. Bg5 Ne4 4. Nxe4 dxe4 5. Qd2 h6 6. Bf4 Nc6 7. d5 e5 8. Bg3 Ne7 9. Bxe5 Nxd5 10. O-O-O c6 11. c4 Qe7 12. cxd5 Qxe5 13. dxc6 Be6 14. e3 bxc6 15. Qc2 Rc8 16. Bc4 Be7 17. f4 exf3 18. Nxf3 Qxe3+ 19. Kb1 Bxc4 20. Qxc4 O-O 21. Rhe1 Qc5 22. Qxc5 Bxc5 23. Ne5 Rfe8 24. Nc4 Bf8 25. Kc2 g6 26. a3 Rcd8 27. b4 Rxd1 28. Rxe8 Rg1 29. Re2 Kg7 30. Na5 c5 31. b5 c4 32. Nxc4 Ra1 33. Kb2 Rg1 34. a4 Bc5 35. a5 Bd4+ 36. Kc2 Ra1 37. Kd3 Bf6 38. Ke4 Rd1 39. Rc2 Rd4+ 40. Ke3 Rd5 41. b6 axb6 42. axb6 Rb5 43. Rf2 Bd8 44. Rxf7+ Kxf7 45. Nd6+ Kg7 46. Nxb5 Bxb6+ 47. Ke4 Bd8 48. Nd6 Bf6 49. Kd5 Bg5 50. Ke6 Bd2 51. Ne8+ Kh7 52. Kf7 Bc3 53. Nc7 h5 54. Ne6 Kh6 55. Nc5 g5 56. Ne4 Be5 57. h3 g4 58. Ke6 gxh3 59. gxh3 Bb8 60. Kf5 h4 61. Nf6 Bg3 62. Kg4 Kg7 63. Kf5 Kf7 64. Ne4 Kg7 65. Ng5 Kh6 66. Kg4 Kg7 67. Ne6+ Kh6 68. Nd4 Kg7 69. Nf5+ Kh7 70. Kg5 Bf2 71. Kf6 Bg3 72. Kf7 Kh8 73. Ne7 Kh7 74. Nd5 Kh6 75. Kf6 Kh5 76. Kf5 Kh6 77. Ne3 Kh7 78. Kg5 Kg7 79. Nf5+ Kh8 80. Nxh4 Bxh4+ 81. Kxh4 Kh7 82. Kg5 Kg7 83. Kf5 Kh7 84. Ke5 Kh8 85. Kf5 Kg8 86. Kf6 Kh8 87. Kg6 Kg8 88. Kh5 Kh8 89. Kg4 Kg8 90. Kg3 Kh8 91. Kg2 Kg8 92. Kg1 Kh8 93. Kh1 Kg8 94. Kg1 Kh8 95. Kh1 Kg8 96. Kg1 1/2-1/2


[Site "https://www.chess.com"]

[Event "Titled Tuesday Blitz February 14 Early 2023"]
[White "Avinash, Ramesh"]
[Black "Donskov, Anatoly"]
[WhiteFideId "45018340"]
[BlackFideId "24143413"]
[WhiteElo "2319"]
[BlackElo "2279"]
[Result "1-0"]
[Round "06"]
[TimeControl "180+2"]
[Date "2023.02.15"]
[WhiteClock "0:01:13"]
[BlackClock "0:00:03"]

1. e4 c5 2. Nc3 e6 3. f4 d5 4. Nf3 d4 5. Bb5+ Bd7 6. Bxd7+ Qxd7 7. Nb1 Nc6 8. d3 Bd6 9. O-O Nge7 10. a4 f5 11. Na3 O-O 12. Nc4 Bc7 13. Qe2 Rae8 14. Bd2 b6 15. Rae1 a6 16. exf5 exf5 17. Qe6+ Qxe6 18. Rxe6 Nd8 19. Re2 Nd5 20. Rfe1 Rxe2 21. Rxe2 Nxf4 22. Bxf4 Bxf4 23. Nxb6 Be3+ 24. Kf1 Ne6 25. Nc4 f4 26. b3 Nc7 27. Re1 Nd5 28. Ng5 h6 29. Ne6 Rc8 30. Ke2 Rc6 31. Nd8 Rc8 32. Nb7 g5 33. Nbd6 Rc7 34. Kf3 Kg7 35. Kg4 Kg6 36. Kf3 h5 37. h3 Kh7 38. Ke4 Nc3+ 39. Kf5 Rg7 40. Ne5 Bd2 41. Ra1 Ne2 42. Ne4 Ng3+ 43. Nxg3 fxg3 44. Rf1 Bf4 45. Re1 Re7 46. Nf3 Rf7+ 47. Ke6 Rf8 48. Kd5 Rd8+ 49. Kc6 g4 50. hxg4 hxg4 51. Nh4 Kg7 52. Nf5+ Kf6 53. Ne7 Be3 54. Nd5+ Kf5 55. Nxe3+ dxe3 56. Rxe3 Kf4 57. Re4+ Kg5 58. Kb6 Rf8 59. Re3 Kh4 60. Re1 Rf2 61. Rg1 Kg5 62. Kxa6 Rxc2 63. Kb5 Kf4 64. a5 Ke3 65. a6 Ra2 66. Rf1 Rf2 67. Re1+ Kxd3 68. Ra1 Rf8 69. a7 Ke2 70. a8=Q Rxa8 71. Rxa8 Kf2 72. Ra2+ Kg1 73. Kxc5 1-0


[Site "https://www.chess.com"]

[Event "Titled Tuesday Blitz February 14 Early 2023"]
[White "Orozbaev, Eldiar"]
[Black "Tinmaz, Kerem"]
[WhiteFideId "13802240"]
[BlackFideId "44559151"]
[WhiteElo "2235"]
[BlackElo "2177"]
[Result "1-0"]
[Round "06"]
[TimeControl "180+2"]
[Date "2023.02.15"]
[WhiteClock "0:00:39"]
[BlackClock "0:00:01"]

1. e4 c6 2. Nc3 d5 3. Nf3 Bg4 4. h3 Bxf3 5. Qxf3 e6 6. d3 Bb4 7. Bd2 Qa5 8. Nb1 Nd7 9. Qg3 g6 10. Be2 dxe4 11. dxe4 Ngf6 12. Bd3 O-O-O 13. Qe3 Nc5 14. O-O Nfxe4 15. Bxe4 Bxd2 16. Nxd2 Rxd2 17. b4 Qxb4 18. c3 Qxe4 19. Qxd2 Rd8 20. Qh6 Na4 21. Rad1 Rxd1 22. Rxd1 b6 23. Qf8+ Kb7 24. Qxf7+ Ka6 25. Rd7 Qe1+ 26. Kh2 Qe5+ 27. f4 Qb8 28. Qf6 Nc5 29. Rd1 Qc7 30. g3 Kb7 31. c4 a5 32. Qd4 Ka6 33. h4 h5 34. Qh8 e5 35. Qa8+ Qa7 36. Qxc6 Qe7 37. fxe5 1-0


[Site "https://www.chess.com"]

[Event "Titled Tuesday Blitz February 14 Early 2023"]
[White "Le, Tuan Minh"]
[Black "Heinemann, Josefine"]
[WhiteFideId "12401153"]
[BlackFideId "12900460"]
[WhiteElo "2542"]
[BlackElo "2289"]
[Result "1-0"]
[Round "06"]
[TimeControl "180+2"]
[Date "2023.02.15"]
[WhiteClock "0:01:16"]
[BlackClock "0:00:33"]

1. d4 Nf6 2. Nf3 d5 3. Bf4 c5 4. c3 cxd4 5. cxd4 Nc6 6. Nc3 a6 7. Rc1 Bf5 8. e3 e6 9. Qb3 Bb4 10. Be2 O-O 11. O-O Rc8 12. Na4 Bd6 13. Bxd6 Qxd6 14. Qxb7 h6 15. Ne5 Na5 16. Qxa6 Qxa6 17. Bxa6 Ra8 18. Nc5 Ne4 19. Be2 Nxc5 20. dxc5 f6 21. Nd7 Rfd8 22. Nb6 Rab8 23. b4 Nc6 24. b5 Ne5 25. Rfd1 Bg6 26. a4 Be8 27. a5 Nc4 28. Bxc4 dxc4 29. Rxd8 Rxd8 30. c6 1-0


[Site "https://www.chess.com"]

[Event "Titled Tuesday Blitz February 14 Early 2023"]
[White "Bluebaum, Matthias"]
[Black "Lianes Garcia, Marcos"]
[WhiteFideId "24651516"]
[BlackFideId "32060777"]
[WhiteElo "2669"]
[BlackElo "2411"]
[Result "1-0"]
[Round "06"]
[TimeControl "180+2"]
[Date "2023.02.15"]
[WhiteClock "0:01:34"]
[BlackClock "0:00:26"]

1. d4 g6 2. c4 Bg7 3. e4 c5 4. d5 d6 5. h3 e5 6. Nc3 Ne7 7. h4 h6 8. h5 g5 9. g4 O-O 10. f3 Na6 11. Nge2 Nc7 12. Ng3 Bd7 13. Be3 a6 14. Rb1 b5 15. b4 cxb4 16. Rxb4 bxc4 17. Bxc4 Nb5 18. Nxb5 axb5 19. Bb3 Qa5 20. Qd2 f6 21. O-O Rfc8 22. Rb1 Bf8 23. Rb2 Rc7 24. Bd1 Qa3 25. R4b3 Qa6 26. Be2 Rb7 27. Qb4 Rbb8 28. Kg2 Nc8 29. Nf5 Bxf5 30. gxf5 Nb6 31. Qxb5 Qxb5 32. Rxb5 Nd7 33. Rxb8 Nxb8 34. a4 Be7 35. Bb5 Bd8 36. Rc2 1-0


[Site "https://www.chess.com"]

[Event "Titled Tuesday Blitz February 14 Early 2023"]
[White "Barp, Alberto"]
[Black "Fedoseev, Vladimir"]
[WhiteFideId "872555"]
[BlackFideId "24130737"]
[WhiteElo "2432"]
[BlackElo "2680"]
[Result "1-0"]
[Round "06"]
[TimeControl "180+2"]
[Date "2023.02.15"]
[WhiteClock "0:00:10"]
[BlackClock "0:00:07"]

1. d4 Nf6 2. c4 e6 3. Nf3 d5 4. g3 Bb4+ 5. Bd2 Bxd2+ 6. Qxd2 O-O 7. Bg2 c6 8. O-O b6 9. Qc2 Bb7 10. cxd5 exd5 11. Nc3 Re8 12. Rac1 Na6 13. Rfd1 Nc7 14. Ne5 Ne6 15. Qa4 Qd6 16. e4 Nxd4 17. Qxd4 c5 18. Nxf7 Kxf7 19. Qd3 a6 20. Nxd5 Bxd5 21. exd5 b5 22. Bh3 Re4 23. Be6+ Kf8 24. Qc3 Rd8 25. f3 Re2 26. Re1 b4 27. Qb3 Rd2 28. Qe3 Rxb2 29. Qxc5 Qxc5+ 30. Rxc5 Rxa2 31. Rc7 b3 32. Rf7+ Ke8 33. d6 Ra1 34. Rxa1 b2 35. Rb1 Rxd6 36. Ba2 Rd2 37. Rb7 1-0


[Site "https://www.chess.com"]

[Event "Titled Tuesday Blitz February 14 Early 2023"]
[White "Pranav, V"]
[Black "Srihari L R"]
[WhiteFideId "25060783"]
[BlackFideId "46617116"]
[WhiteElo "2597"]
[BlackElo "2416"]
[Result "1-0"]
[Round "06"]
[TimeControl "180+2"]
[Date "2023.02.15"]
[WhiteClock "0:00:47"]
[BlackClock "0:00:04"]

1. e4 d6 2. d4 Nf6 3. Nc3 e5 4. Nf3 exd4 5. Nxd4 Be7 6. g3 O-O 7. Bg2 Re8 8. O-O c6 9. Re1 Na6 10. h3 Nc5 11. Bf4 a5 12. Qd2 Bf8 13. Rad1 Qb6 14. Nb3 a4 15. Nxc5 dxc5 16. e5 Nh5 17. Bg5 h6 18. Bh4 g5 19. Bxg5 hxg5 20. Qxg5+ Ng7 21. Ne4 Re6 22. Nf6+ Rxf6 23. exf6 Be6 24. Be4 Qxb2 25. h4 c4 26. h5 Qb5 27. Qxb5 cxb5 28. fxg7 Kxg7 29. Bxb7 Rb8 30. Bd5 Bg4 31. Rb1 Bxh5 32. Bxc4 b4 33. Bd3 Rc8 34. Kg2 Rc6 35. Re4 Rf6 36. Rh4 Bf3+ 37. Kg1 Re6 38. Rf4 Bh5 39. Kg2 a3 40. Rh1 Bg6 41. Bxg6 fxg6 42. Rc4 Re2 43. Kf3 Rd2 44. Rb1 Kf6 45. Rb3 Rd5 46. Rd3 Re5 47. Rf4+ Kg7 48. Rd7+ Kg8 49. Rd8 Rf5 50. Rxf5 gxf5 51. Kf4 Kf7 52. Kxf5 Bc5 53. f3 Bf2 54. g4 1-0


[Site "https://www.chess.com"]

[Event "Titled Tuesday Blitz February 14 Early 2023"]
[White "Zahid, Sanatan"]
[Black "Shimanov, Aleksandr"]
[WhiteFideId "10201963"]
[BlackFideId "4198603"]
[WhiteElo "1930"]
[BlackElo "2581"]
[Result "1-0"]
[Round "06"]
[TimeControl "180+2"]
[Date "2023.02.15"]
[WhiteClock "0:01:36"]
[BlackClock "0:00:17"]

1. d4 g6 2. Nc3 d5 3. Bf4 Bg7 4. h4 Nf6 5. e3 c6 6. h5 Nxh5 7. Rxh5 gxh5 8. Qxh5 Nd7 9. Nf3 Nf6 10. Qh4 Bf5 11. O-O-O Qa5 12. Nd2 Nd7 13. Bh2 Bg6 14. f4 h5 15. Nf3 b5 16. Kb1 b4 17. Ne2 Nb6 18. Nc1 Nc4 19. Nb3 Qb6 20. Qf2 Nd6 21. Ne5 Bxe5 22. fxe5 Ne4 23. Qh4 a5 24. e6 f6 25. Bd3 a4 26. Nc5 Nc3+ 27. Ka1 Bxd3 28. Rxd3 Ne4 29. Nxe4 dxe4 30. Qxe4 Rg8 31. d5 cxd5 32. Qxd5 Rd8 33. Qxh5+ 1-0


[Site "https://www.chess.com"]

[Event "Titled Tuesday Blitz February 14 Early 2023"]
[White "Erdogdu, Mert"]
[Black "Korobov, Anton"]
[WhiteFideId "6301495"]
[BlackFideId "14105730"]
[WhiteElo "2413"]
[BlackElo "2664"]
[Result "0-1"]
[Round "06"]
[TimeControl "180+2"]
[Date "2023.02.15"]
[WhiteClock "0:00:21"]
[BlackClock "0:01:00"]

1. e4 c5 2. Nf3 d6 3. d4 cxd4 4. Nxd4 Nf6 5. Nc3 a6 6. Be3 e6 7. f3 b5 8. Qd2 Nbd7 9. O-O-O h5 10. Kb1 Bb7 11. Bd3 Rc8 12. h3 h4 13. Rhe1 Be7 14. a3 Ne5 15. f4 Nc4 16. Bxc4 Rxc4 17. e5 dxe5 18. fxe5 Ne4 19. Nxe4 Bxe4 20. Bg1 Qa8 21. Ka1 O-O 22. Re2 Rfc8 23. c3 Bg6 24. Be3 Qb7 25. Bg5 Bf8 26. Bxh4 a5 27. Be1 b4 28. Qe3 bxa3 29. b3 R4c7 30. g4 Bc5 31. Ka2 Rd7 32. h4 a4 33. b4 Qd5+ 34. Kxa3 Bxd4 35. cxd4 Rdc7 36. Rb2 Rc2 37. h5 Rxb2 38. Kxb2 Rc2+ 0-1


[Site "https://www.chess.com"]

[Event "Titled Tuesday Blitz February 14 Early 2023"]
[White "Wagh Suyog"]
[Black "Drygalov, Sergey"]
[WhiteFideId "25071688"]
[BlackFideId "24171743"]
[WhiteElo "2313"]
[BlackElo "2547"]
[Result "1-0"]
[Round "06"]
[TimeControl "180+2"]
[Date "2023.02.15"]
[WhiteClock "0:00:05"]
[BlackClock "0:00:02"]

1. e4 c5 2. Nf3 d6 3. d4 cxd4 4. Nxd4 Nf6 5. Nc3 a6 6. Be2 e5 7. Nb3 Be7 8. O-O O-O 9. f4 b5 10. a3 Bb7 11. Bf3 Nbd7 12. Be3 Rc8 13. Kh1 Rxc3 14. bxc3 Nxe4 15. Qe1 f5 16. Nd2 Qc7 17. Nxe4 fxe4 18. Bg4 exf4 19. Bxf4 Nf6 20. Be6+ Kh8 21. Rd1 Qc5 22. Qg3 Nh5 23. Qg4 Nxf4 24. Rxf4 Bf6 25. Rf5 Qc7 26. Rh5 g6 27. Qxg6 Qg7 28. Bf5 Qxg6 29. Bxg6 Kg7 30. Rxh7+ Kxg6 31. Rxb7 Be5 32. g3 e3 33. Re1 Rf2 34. Rxe3 Rxc2 35. Rb6 Kf5 36. Rxa6 Kg4 37. Ra8 Kh3 38. g4+ Kxg4 39. Rg8+ Kf4 40. Reg3 Ke4 41. R8g4+ Kd5 42. Rd3+ Kc5 43. Rg2 Rc1+ 44. Rg1 Rc2 45. Rh3 Bxc3 46. Rb1 d5 47. Rd1 d4 48. Rh5+ Kc4 49. Rh8 Kb3 50. Rb8 Kc4 51. Rc8+ Kb3 52. Rb8 Rb2 53. Rxb5+ Kxa3 54. Rxb2 Kxb2 55. Kg2 Kc2 56. Rf1 d3 57. Kf3 Kd2 58. h3 Bf6 59. Ke4 Ke2 60. Rxf6 d2 61. Rd6 1-0


[Site "https://www.chess.com"]